AoeStats
← alix

Arabia

508479912Analyzed
1v1 RM · 10d ago on Sep 22, 2026· 58m 4s· 2 players
Game mode
Random Map
Map size
Tiny (2 player)
Population
200
Speed
Normal
Resources
Standard
Victory
Conquest
Starting age
Dark Age
Ending age
Imperial Age
RankedLock teamsTeams togetherTeam positionsShared explorationLock speedFull tech treeHidden civsTurbo modeCheats
Victory
Defeat
🇩🇪 Saxons · Germany
1800
+19
🇨🇳 Varangians · China
1871
-19
alix
7:03 Loom
9:28 Feudal Age
10:58 Double-Bit Axe
10:54 Horse Collar
15:06 Fletching
20:43 Castle Age
20:00 Padded Archer Armor
19:52 Gold Mining
20:50 Crossbowman
21:25 Bodkin Arrow
23:01 Husbandry
25:06 Bow Saw
25:36 Wheelbarrow
25:26 Bloodlines
30:07 Gold Shaft Mining
29:36 Heavy Plow
31:11 Ballistics
31:50 Leather Archer Armor
37:18 Imperial Age
36:14 Hand Cart
35:47 Town Watch
38:20 Bracer
38:34 Thumb Ring
39:53 Chemistry
39:32 Stone Mining
40:18 Gold Shaft Mining
39:11 Light Cavalry
40:53 Masonry
41:25 Scale Barding Armor
41:31 Forging
41:12 Hussar
42:36 Ring Archer Armor
43:46 Chain Barding Armor
44:07 Forging
45:01 Heavy Mounted Crossbowman
45:01 Cranequins
47:23 Conscription
49:24 Iron Casting
53:57 Two-Man Saw
53:28 Crop Rotation
53:29 Architecture
53:05 Siege Engineers
ccbaby
7:02 Loom
9:17 Feudal Age
9:20 Man-at-Arms
13:35 Double-Bit Axe
13:58 Horse Collar
17:47 Padded Archer Armor
20:39 Castle Age
19:31 Padded Archer Armor
20:03 Gold Mining
20:18 Fletching
21:08 Bloodlines
21:25 Bodkin Arrow
22:00 Bow Saw
22:32 Elite Skirmisher
24:56 Leather Archer Armor
26:19 Husbandry
29:37 Ballistics
31:37 Wheelbarrow
31:04 Heavy Plow
32:31 Town Watch
33:27 Hand Cart
33:12 Stone Mining
38:49 Imperial Age
37:26 Scale Barding Armor
38:43 Masonry
39:47 Bracer
40:48 Chemistry
39:28 Cranequins
41:09 Guard Tower
43:00 Heavy Mounted Crossbowman
45:25 Ring Archer Armor
45:16 Light Cavalry
46:17 Chain Barding Armor
46:08 Forging
46:27 Conscription
46:19 Siege Engineers
46:45 Architecture
47:35 Architecture
48:09 Plate Barding Armor
47:18 Hussar
49:13 Iron Casting
50:02 Stone Shaft Mining
52:19 Blast Furnace
Connection lost

Rejoining the realm…

Still unreachable

The connection could not be restored.

Session expired

The server has moved on; the page needs a fresh start.